 Dungeon Crawl Stone Soup version 0.30-b1-2-g02819fbbbe (webtiles) character file.

Game seed: 7375883695179129127

42298 Arcadio the Tortoise (level 13, -2/129 HPs)
             Began as a Minotaur Fighter on May 13, 2023.
             Was a High Priest of Uskayaw.
             Slain by a boulder beetle (96 damage)
             ... on level 5 of the Lair of Beasts.
             The game lasted 00:32:50 (19406 turns).

Arcadio the Tortoise (Minotaur Fighter)            Turns: 19406, Time: 00:32:51

Health: -2/129     AC: 23    Str: 35      XL:     13   Next: 84%
Magic:  17/17      EV:  2    Int:  4 (5)  God:    Uskayaw [*****.]
Gold:   1230       SH:  0    Dex: 11      Spells: 12/12 levels left

rFire   . . .        L - +4 war axe
rCold   + . .        p - +0 buckler {rPois}
rNeg    . . .        x - +2 chain mail {rC+}
rPois   +            (helmet restricted)
rElec   .            W - +2 cloak
rCorr   .            v - +0 pair of gloves
SInv    .            O - +0 pair of boots
Will    .....        (no amulet) Stlth
                     i - +6 ring of strength
HPRegen 0.41/turn    J - ring of Boskaj {Drain Fly Str+4}
MPRegen 0.15/turn

%: no passive effects
@: lethally poisoned (-2 -> -5), sleeping, flying
A: horns 2, retaliatory headbutt
a: Renounce Religion, Stomp, Line Pass, Grand Finale


You were on level 5 of the Lair of Beasts.
You worshipped Uskayaw.
Uskayaw was noncommittal.
You visited 4 branches of the dungeon, and saw 18 of its levels.
You also visited: Sewer.

You collected 2072 gold pieces.
You spent 842 gold pieces at shops.

Inventory:

Hand Weapons
 d - a +3 dire flail of venom
 o - a +2 heavy war axe
 L - a +4 war axe (weapon)
 V - a +0 broad axe
Missiles
 s - 6 throwing nets (quivered)
Armour
 p - a +0 buckler of poison resistance (worn)
 v - a +0 pair of gloves (worn)
 x - a +2 chain mail of cold resistance (worn)
 D - a +0 tower shield
 O - a +0 pair of boots (worn)
 R - a +0 cloak
 W - a +2 cloak (worn)
Jewellery
 e - a ring of protection from fire
 i - a +6 ring of strength (left hand)
 y - a +5 ring of evasion
 J - the ring of Boskaj (right hand) {Drain Fly Str+4}
   (You found it on level 7 of the Dungeon)

   [ring of flight]

   Str:       It affects your strength (+4).
   Fly:       It grants you flight.
   Drain:     It drains your maximum health when unequipped.
 N - a ring of ice
 S - a ring of protection from cold
Wands
 a - a wand of iceblast (3)
 r - a wand of mindburst (5)
 w - a wand of flame (3)
 U - a wand of paralysis (9)
Scrolls
 g - 2 scrolls of magic mapping
 h - a scroll of torment {unknown}
 m - 3 scrolls of fog {unknown}
 n - a scroll of immolation {unknown}
 q - 2 scrolls of butterflies
 t - 6 scrolls of amnesia
 z - 3 scrolls of enchant weapon {unknown}
 A - 2 scrolls of enchant armour
 G - a scroll of vulnerability {unknown}
 H - 2 scrolls of poison {unknown}
 K - 4 scrolls of blinking {unknown}
 M - 2 scrolls of teleportation
 Q - a scroll of silence {unknown}
Potions
 b - a potion of heal wounds
 f - 3 potions of ambrosia
 j - 4 potions of flight
 k - 5 potions of lignification
 l - 3 potions of brilliance
 u - 9 potions of curing
 B - 2 potions of magic {unknown}
 C - 2 potions of mutation
 E - 2 potions of invisibility
 F - 2 potions of haste
 I - 3 potions of resistance
Miscellaneous
 c - a condenser vane
 T - a phantom mirror


   Skills:
 + Level 16.2 Fighting
 + Level 16.0 Axes
 + Level 16.2 Armour
 - Level 3.6 Shields
 + Level 7.2 Invocations


You had 12 spell levels left.
You didn't know any spells.
Your spell library contained the following spells:

 Spells                   Type           Power      Damage    Failure   Level
 Apportation              Tloc           0%         N/A       83%         1
 Foxfire                  Conj/Fire      0%         2x1d4     83%         1
 Kiss of Death            Conj/Necr      0%         2d5       83%         1
 Necrotise                Necr           0%         1d4       83%         1
 Sting                    Tmut/Pois      0%         1d3       83%         1
 Summon Small Mammal      Summ           0%         N/A       83%         1
 Static Discharge         Conj/Air       0%         2-2/arc   93%         2
 Sublimation of Blood     Necr           0%         N/A       93%         2
 Call Canine Familiar     Summ           0%         N/A       99%         3
 Confusing Touch          Hex            0%         N/A       99%         3
 Summon Guardian Golem    Hex/Summ       0%         N/A       99%         3
 Airstrike                Air            0%         2d(0-16)  100%        4
 Animate Dead             Necr           0%         N/A       100%        4
 Dispel Undead            Necr           0%         3d6       100%        4
 Petrify                  Tmut/Erth      0%         N/A       100%        4
 Summon Lightning Spire   Summ/Air       0%         N/A       100%        4
 Fireball                 Conj/Fire      0%         3d3       100%        5
 Irradiate                Conj/Tmut      0%         3d11      100%        5
 Plasma Beam              Fire/Air       0%         2x1d11    100%        6
 Starburst                Conj/Fire      0%         6d3       100%        6
 Haunt                    Necr/Summ      0%         N/A       100%        7
 Infestation              Necr           0%         N/A       100%        8


Dungeon Overview and Level Annotations

Branches:
Dungeon (10/15) Zot: 25374  Temple (1/1) D:5 Zot: 5991    Lair (5/5) D:10 Zot: 24789
  Swamp (0/4) Lair:3        Snake (0/4) Lair:3          Orc (2/2) D:10 Zot: 8943
    Elf (0/3) Orc:2         Sewer (visited)
  Slime: Lair:4-5

Altars:
Ashenzari
Cheibriados
Gozag
Makhleb
Sif Muna
Trog
Uskayaw
Xom
The Shining One

Shops:
D:9 *   Orc:2 !:(=*

Annotations:
D:10 2 transporters, Arcadio's ghost, novice MiFi
Lair:1 2 transporters, 1 runed translucent door, Ceckukk's ghost, journeyman GrEE
Lair:4 exclusion: oklob plant


Innate Abilities, Weirdness & Mutations

You have a pair of horns on your head.
You reflexively headbutt those who attack you in melee.


Message History

You kill the water moccasin!
You slash the dream sheep! You hit the dream sheep.
You feel very sick. You block the dream sheep's attack.
The dream sheep bites you but does no damage.
A dream sheep comes into view.
A boulder beetle comes into view.
Uskayaw will force your foes to helplessly watch your dance.
You feel your strength returning.
You barely miss the dream sheep.
The dream sheep is heavily wounded.
You hit the dream sheep.
You feel very sick.
You slash the dream sheep!
You kill the dream sheep!
You barely miss the dream sheep.
You feel very sick. The dream sheep closely misses you.
The boulder beetle leaps!
Uskayaw will force your foes to share their pain.
Uskayaw links your audience in an emotional bond!
You hit the dream sheep.
You kill the dream sheep! x2
Your headbutt misses the dream sheep.
The dream sheep is severely wounded.
You feel sick.
The dream sheep bites you but does no damage.
Your Axes skill increases to level 16!
You completely miss the dream sheep.
You kill the dream sheep! x2
You headbutt the dream sheep!!
You kill the dream sheep!
You feel very sick.
The boulder beetle curls into a ball and begins rolling!
You can now merge with and destroy a victim.
You feel very sick.
The dream sheep shakes its wool and sparkles.
You feel drowsy...
You fall asleep.
You feel sick. x3
The boulder beetle hits you!!!!
Ouch! That really hurt!
You die...

##.............~~~.
..##.....#.......~~♣
...##.............♣
....P............P♣
.............(...#####
.........†....#.....##
#...#...###†........ .
#...#†### #..B°..... ..
##.....# #.@Y†°....
...#.....## #.........
.......#.# #.........
)...#.#### #.........
..#....#########........
........<...............
...............#.......#
..............##~.~.~.~#
...............~


You could see a boulder beetle (rolling) and a dream sheep (pain bonded).

Vanquished Creatures
  Harold (D:9)
  A hydra (Lair:4)
  Erica (D:9)
  3 catoblepae
  2 two-headed ogres
  A centaur warrior (D:8)
  An orc high priest (Orc:2)
  A boulder beetle (Lair:3)
  2 death yaks (D:9)
  3 skysharks
  Lodul (D:10)
  A deep elf pyromancer (D:8)
  2 orc knights (Orc:2)
  A lindwurm (Lair:4)
  A cyclops (D:7)
  3 orc sorcerers (Orc:2)
  2 manticores (D:8)
  8 elephants
  A black mamba (Lair:4)
  A torpor snail (Lair:3)
  7 cane toads
  2 rime drakes (Lair:3)
  5 komodo dragons
  2 trolls
  A hornet (D:9)
  Prince Ribbit (D:9)
  13 dream sheep
  2 wraiths
  3 shadows (D:9)
  6 wyverns
  A human (Lair:1)
  16 yaks
  3 steam dragons
  3 wargs
  2 nagas (Lair:3)
  13 water moccasins
  An acid dragon (D:8)
  Pargi (Sewer)
  3 black bears
  2 sky beasts (D:7)
  32 orc warriors
  A swamp drake (Lair:5)
  4 ice beasts
  15 ogres
  17 wolves
  2 kobold brigands
  15 centaurs
  10 bullfrogs
  4 scorpions
  A gnoll sergeant (D:8)
  8 wights
  3 howler monkeys
  2 electric eels (Lair:1)
  3 hounds
  15 orc priests
  2 jellies
  A gnoll bouda (D:6)
  3 iguanas
  Terence (D:3)
  A sleepcap (D:5)
  19 orc wizards
  6 hell rats
  9 adders
  11 gnolls
  A river rat (D:9)
  A shadow imp (D:5)
  2 white imps
  An ufetubus (D:6)
  3 worms
  3 dart slugs
  56 orcs
  13 ball pythons
  8 bats
  5 endoplasms
  8 giant cockroaches
  3 goblins
  4 hobgoblins
  13 kobolds
  9 quokkas
  7 frilled lizards
  8 rats
454 creatures vanquished.

Vanquished Creatures (collateral kills)
  A hydra (Lair:2)
  A yak (Lair:2)
2 creatures vanquished.

Vanquished Creatures (others)
  19 fungi
  31 plants
50 creatures vanquished.

Grand Total: 506 creatures vanquished

Notes
Turn   | Place    | Note
-------+----------+-------------------------------------------
     0 | D:1      | Arcadio the Minotaur Fighter began the quest for the Orb.
     0 | D:1      | Reached XP level 1. HP: 19/19 MP: 0/0
    82 | D:1      | Reached XP level 2. HP: 26/27 MP: 1/1
   712 | D:2      | Reached XP level 3. HP: 33/33 MP: 2/2
   936 | D:2      | Noticed a scorpion
   941 | D:2      | Killed a scorpion
   942 | D:2      | Reached XP level 4. HP: 25/41 MP: 3/3
  1607 | D:3      | Reached skill level 5 in Fighting
  1607 | D:3      | Reached skill level 5 in Armour
  1607 | D:3      | Reached XP level 5. HP: 43/48 MP: 4/4
  1958 | D:3      | Noticed Terence
  1967 | D:3      | Killed Terence
  2626 | D:4      | Reached XP level 6. HP: 37/56 MP: 5/5
  2796 | D:4      | Reached skill level 5 in Axes
  3073 | D:4      | Reached XP level 7. HP: 54/63 MP: 6/6
  3636 | D:5      | Entered Level 5 of the Dungeon
  3657 | D:5      | Found a staircase to the Ecumenical Temple.
  3668 | Temple   | Entered the Ecumenical Temple
  3672 | Temple   | Became a worshipper of Uskayaw the Reveller
  3699 | D:5      | Reached * piety under Uskayaw
  3723 | D:5      | Reached ** piety under Uskayaw
  3726 | D:5      | Reached *** piety under Uskayaw
  3727 | D:5      | Reached **** piety under Uskayaw
  3742 | D:5      | Found a glowing drain.
  3759 | Sewer    | Entered a sewer
  3883 | Sewer    | Noticed Pargi
  3894 | Sewer    | Killed Pargi
  4307 | D:5      | Found a snail-covered altar of Cheibriados.
  4477 | D:5      | Reached XP level 8. HP: 57/73 MP: 7/7
  5585 | D:7      | Reached XP level 9. HP: 82/82 MP: 8/8
  5588 | D:7      | Reached ***** piety under Uskayaw
  5769 | D:7      | Noticed a cyclops
  5776 | D:7      | Killed a cyclops
  5778 | D:7      | Reached ****** piety under Uskayaw
  5866 | D:7      | Reached skill level 10 in Fighting
  5866 | D:7      | Reached skill level 10 in Armour
  6073 | D:7      | Identified the ring of Boskaj {Drain Fly Str+4}
  6253 | D:7      | Reached skill level 10 in Axes
  6453 | D:8      | Found a broken altar of Ashenzari.
  6495 | D:8      | Reached XP level 10. HP: 94/94 MP: 9/9
  6853 | D:8      | Noticed a deep elf pyromancer
  6864 | D:8      | Killed a deep elf pyromancer
  7059 | D:8      | Noticed a catoblepas
  7076 | D:8      | Killed a catoblepas
  7459 | D:8      | Noticed a two-headed ogre
  7464 | D:8      | Killed a two-headed ogre
  7466 | D:8      | Noticed a centaur warrior
  7476 | D:8      | Killed a centaur warrior
  7652 | D:8      | Got the Book of the Thirsty Wonders
  7658 | D:8      | Noticed a manticore
  7664 | D:8      | Killed a manticore
  7719 | D:8      | Noticed a manticore
  7725 | D:8      | Killed a manticore
  8222 | D:9      | Reached XP level 11. HP: 99/104 MP: 10/10
  8252 | D:9      | Found Axosis's Changing Room.
  8322 | D:9      | Noticed Harold
  8336 | D:9      | Killed Harold
  8585 | D:9      | Noticed Erica
  8597 | D:9      | Killed Erica
  8798 | D:9      | Paralysed by a hornet for 2 turns
  9032 | D:9      | Noticed Prince Ribbit
  9037 | D:9      | Killed Prince Ribbit
  9421 | D:10     | Entered Level 10 of the Dungeon
  9446 | D:10     | Identified the +8 lajatang of Noon {pain, Fragile rPois
                  | Int+4}
  9451 | D:10     | Noticed a death yak
  9469 | D:10     | Found a staircase to the Lair.
  9469 | D:10     | Noticed a death yak
  9469 | D:10     | Noticed a death yak
  9473 | D:10     | Noticed Lodul
  9487 | D:9      | Killed a death yak
  9779 | D:9      | Killed a death yak
 10042 | D:10     | Killed Lodul
 10152 | D:10     | Found a transporter.
 10154 | D:10     | Noticed Arcadio's ghost (novice MiFi)
 10155 | D:10     | Noticed a boulder beetle
 10253 | D:10     | Noticed a two-headed ogre
 10271 | D:10     | Found a transporter.
 10280 | D:10     | Killed a two-headed ogre
 10959 | D:10     | Found a staircase to the Orcish Mines.
 10971 | Orc:1    | Entered Level 1 of the Orcish Mines
 11195 | Orc:1    | Found a shimmering altar of Xom.
 11259 | Orc:1    | Reached XP level 12. HP: 116/116 MP: 11/11
 11262 | Orc:1    | Found a bloodstained altar of Trog.
 11736 | Orc:2    | Entered Level 2 of the Orcish Mines
 11857 | Orc:2    | Noticed an orc high priest
 11904 | Orc:2    | Paralysed by an orc sorcerer for 2 turns
 11964 | Orc:2    | Reached skill level 1 in Invocations
 12599 | Orc:2    | Found Olel Sen's Distillery.
 12941 | Orc:2    | HP: 3/118 [orc high priest/+0 long sword (5)]
 12943 | Orc:2    | Killed an orc high priest
 13430 | Orc:2    | Found a staircase to the Elven Halls.
 13544 | Orc:2    | Found Manniluo's Antique Weapon Shop.
 13544 | Orc:2    | Found Niaggax's Jewellery Shoppe.
 13544 | Orc:2    | Found Qiubrut's General Store.
 13548 | Orc:2    | Found Rooxit's Book Boutique.
 13921 | Orc:2    | Bought a +0 buckler of poison resistance for 93 gold pieces
 13921 | Orc:2    | Bought a +2 cloak for 181 gold pieces
 13951 | Orc:2    | Bought a potion of ambrosia for 88 gold pieces
 13972 | Orc:2    | Bought a potion of curing for 48 gold pieces
 13972 | Orc:2    | Bought a potion of invisibility for 128 gold pieces
 13972 | Orc:2    | Bought a potion of curing for 48 gold pieces
 13972 | Orc:2    | Bought a potion of lignification for 48 gold pieces
 13972 | Orc:2    | Bought a potion of curing for 48 gold pieces
 13972 | Orc:2    | Bought a potion of haste for 160 gold pieces
 14142 | Lair:1   | Entered Level 1 of the Lair of Beasts
 14292 | Lair:1   | Noticed Ceckukk's ghost (journeyman GrEE)
 14294 | Lair:1   | Found a transporter.
 14527 | Lair:1   | Noticed a death yak
 14539 | Lair:1   | Reached skill level 15 in Fighting
 14543 | Lair:1   | Reached skill level 15 in Armour
 14549 | Lair:1   | Found a transporter.
 14793 | Lair:1   | Found a runed translucent door.
 14852 | Lair:1   | Noticed a tentacled starspawn
 15540 | Lair:2   | Noticed a five-headed hydra
 15543 | Lair:2   | Killed a five-headed hydra
 15549 | Lair:2   | Reached XP level 13. HP: 127/127 MP: 15/15
 15553 | Lair:2   | Reached skill level 5 in Invocations
 15554 | Lair:2   | Reached skill level 15 in Axes
 16095 | Lair:3   | Found a staircase to the Swamp.
 17272 | Lair:3   | Found a staircase to the Snake Pit.
 19228 | Lair:5   | Entered Level 5 of the Lair of Beasts
 19406 | Lair:5   | Slain by a boulder beetle

Illustrated notes

Levels and vault maps discovered:
D:1:      dpeg_arrival_stone_temple_mockup, layout_basic, minmay_pentomino_v4
D:2:      layout_basic, minmay_distorted
D:3:      layout_rooms, uniq_terence
D:4:      layout_basic, minmay_misc_feat_diagonals
D:5:      layout_basic, mainiacjoe_overflow_six_doors_small,
          minmay_temple_entry_arrows, gup_sewer_entry_glass
D:6:      layout_cave_pools
D:7:      hangedman_cross_stitches, layout_basic
D:8:      layout_basic, ashenzari_altar_1, minmay_evil_grid
D:9:      layout_irregular_city, nicolae_transmutations_shop,
          skrybe_limestone_x, uniq_prince_ribbit1, uniq_erica, uniq_harold
D:10:     layout_gridville, dpeg_lair_monsters, david_orc_4,
          gammafunk_ghost_arena, minmay_strange_pillars, uniq_lodul
Temple:   nicolae_temple_bog_church
Lair:1:   layout_hall_layers, nzn_ghost_randoct, pdpol_lair_cabin_in_the_woods,
          serial_bayou_shore_a, infiniplex_staircase_pool_2
Lair:2:   layout_regular_city
Lair:3:   layout_roguey, minmay_swamp_entry_eels, guppyfry_snake_entry_island,
          grunt_megastairs_3, uniq_fannar
Lair:4:   layout_hall_layers
Lair:5:   guppyfry_lair_end_dragon, layout_gridlike,
          hangedman_lair_caniforms_friends, nicolae_slime_entry_slimehenge,
          nzn_masters_of_martial_movement
Orc:1:    layout_caves, basic_altar, hangedman_feature_mirror
Orc:2:    st_orc_rangers, layout_diamond_mine, serial_shops, nicolae_shop_trees

Skill      XL: |  1  2  3  4  5  6  7  8  9 10 11 12 13 |
---------------+----------------------------------------+-----
Fighting       | 4 5 6 7 8 10 12 13 15 16 | 16.2
Armour         | 4 5 6 7 8 10 12 13 15 16 | 16.2
Axes           | 3 4 5 6 8 10 11 13 14 16 | 16.0
Invocations    | 4 7 |  7.2
Shields        | |  3.6

Action                     |  1- 3 |  4- 6 |  7- 9 | 10-12 | 13-15 || total
---------------------------+-------+-------+-------+-------+-------++-------
  Melee: War axe           |    82 |   120 |   242 |   487 |   200 ||  1131
         Headbutt          |     9 |     8 |    29 |   118 |    56 ||   220
  Evoke: Wand              |       |       |       |     4 |     5 ||     9
         Phantom mirror    |       |       |       |     1 |       ||     1
    Use: Potion            |       |     4 |       |     8 |     2 ||    14
         Scroll            |       |       |     4 |     6 |     2 ||    12
   Stab: Paralysed         |       |       |    12 |    49 |    41 ||   102
         Petrified         |       |       |       |       |     2 ||     2
 Armour: Scale mail        |    53 |       |       |       |       ||    53
         Chain mail        |       |    64 |   156 |   272 |   154 ||   646
         Skin              |       |    13 |       |       |       ||    13
  Dodge: Dodged            |    37 |    46 |   111 |   199 |    91 ||   484
  Block: Buckler           |    19 |    28 |    52 |   106 |    47 ||   252
